AoeStats
← King Bili

Highland

506993704Analyzed
3v3 RM · 15d ago on Sep 16, 2026· 52m 50s· 6 players
Game mode
Random Map
Map size
Normal (6 player)
Population
200
Speed
Normal
Resources
Standard
Victory
Conquest
Starting age
Dark Age
Ending age
Imperial Age
RankedLock teamsTeams togetherTeam positionsShared explorationLock speedFull tech treeHidden civsTurbo modeCheats
Victory
Defeat
🇺🇸 Slavs · United States
1269
+13
🇺🇸 Khitans · United States
1203
+16
🇺🇸 Lithuanians · United States
1125
+18
🇺🇸 Italians · United States
1204
-16
🇹🇼 Franks · Taiwan
1194
-16
🇨🇱 Britons · Chile
1179
-15
hurlmore
4:26 Loom
12:39 Feudal Age
17:16 Castle Age
15:09 Horse Collar
15:30 Double-Bit Axe
15:58 Fletching
20:00 Medium Warships
21:24 Bodkin Arrow
21:29 Padded Archer Armor
21:32 Stone Mining
23:09 Wheelbarrow
24:35 Leather Archer Armor
26:31 Hand Cart
26:10 Town Watch
35:12 Sanctity
35:20 Town Patrol
35:35 Bow Saw
38:04 Heavy Plow
42:22 Imperial Age
40:08 Gold Mining
40:23 Treadmill Crane
41:04 Ballistics
40:55 Masonry
42:36 Fervor
42:40 Pikeman
43:20 Squires
46:21 Imperial Age
46:03 Forging
45:53 Scale Mail Armor
46:24 Elite Genoese Crossbowman
48:16 Chemistry
47:28 Bracer
48:07 Ring Archer Armor
47:59 Conscription
49:17 Architecture
49:36 Iron Casting
49:16 Chain Mail Armor
50:03 Crop Rotation
50:34 Two-Man Saw
excboom
6:12 Loom
10:58 Feudal Age
11:52 Double-Bit Axe
15:13 Wheelbarrow
17:37 Castle Age
16:06 Gold Mining
19:02 Stone Mining
24:20 Town Watch
25:45 Gold Shaft Mining
25:51 Fletching
26:39 Bow Saw
27:59 Scale Mail Armor
28:38 Forging
29:18 Hand Cart
34:21 Imperial Age
32:20 Town Patrol
33:19 Ballistics
33:10 Masonry
33:11 Murder Holes
33:47 Light Cavalry
34:30 Husbandry
34:38 Scale Barding Armor
35:19 Bodkin Arrow
37:29 Chemistry
36:59 Architecture
38:47 Conscription
39:04 #83
39:30 Iron Casting
40:13 Hoardings
43:11 Blast Furnace
43:10 Fortified Wall
44:50 Elite Throwing Axeman
King Bili
4:21 Loom
12:03 Feudal Age
16:35 Castle Age
14:49 Double-Bit Axe
18:11 Bow Saw
20:04 Fletching
22:10 Horse Collar
24:09 Gold Mining
25:47 Wheelbarrow
26:24 Bodkin Arrow
27:24 Bow Saw
27:15 Heavy Plow
28:03 Hand Cart
32:20 Imperial Age
30:14 Town Watch
30:51 Padded Archer Armor
31:15 Ballistics
33:06 Yeomen
34:12 Two-Man Saw
33:35 Pikeman
34:16 Scale Mail Armor
34:26 Forging
34:38 Bracer
35:17 Bracer
35:39 Halberdier
36:20 Scale Mail Armor
36:30 Forging
36:56 Squires
37:33 Conscription
36:35 Elite Longbowman
37:55 Town Patrol
39:19 Gold Shaft Mining
38:35 Stone Mining
40:16 Chain Mail Armor
40:36 Iron Casting
40:23 Arson
40:24 Gambesons
41:46 Crossbowman
42:42 Leather Archer Armor
42:58 Plate Mail Armor
43:29 Blast Furnace
43:47 Chemistry
42:31 Arbalester
45:56 Capped Ram
46:40 Warwolf
48:00 Ring Archer Armor
47:18 Treadmill Crane
47:52 Masonry
48:50 Scale Barding Armor
greasyjo
7:03 Loom
9:26 Feudal Age
10:00 Double-Bit Axe
9:58 Domestication
21:18 Castle Age
20:01 Forging
20:00 Stone Mining
21:29 Wheelbarrow
22:16 Medium Warships
26:38 Scale Mail Armor
27:13 Iron Casting
27:15 Hand Cart
26:45 Town Watch
27:39 Bow Saw
40:52 Imperial Age
40:18 Pikeman
40:59 Squires
40:44 Arson
40:46 Gambesons
41:24 Chain Mail Armor
47:01 Fletching
48:54 Plate Mail Armor
51:32 Elite Liao Dao
52:22 Lamellar Armor
53:41 Conscription
sleepygreen801
7:25 Loom
9:39 Feudal Age
10:28 Double-Bit Axe
19:28 Castle Age
18:25 Gold Mining
18:51 Bloodlines
19:44 Scale Barding Armor
21:53 Chain Barding Armor
21:45 Forging
22:06 Fletching
22:43 Town Watch
24:22 Medium Warships
26:31 Husbandry
29:18 Horse Collar
29:53 Bow Saw
34:06 Imperial Age
32:12 Wheelbarrow
32:13 Ballistics
32:04 Masonry
33:36 Iron Casting
33:28 Hand Cart
34:23 Cavalier
35:46 Heavy Plow
37:18 Plate Barding Armor
37:18 Paladin
39:06 Architecture
42:56 Chemistry
42:42 Hoardings
42:18 Tower Shields
44:21 Conscription
48:06 Scale Mail Armor
47:35 Pikeman
48:16 Squires
48:02 Arson
49:54 Halberdier
Unpushable Deer
9:17 Loom
11:19 Feudal Age
15:43 Castle Age
14:47 Double-Bit Axe
16:35 Bow Saw
16:07 Horse Collar
24:57 Heavy Plow
26:22 Wheelbarrow
25:40 Gold Mining
28:22 Medium Warships
32:07 Imperial Age
29:56 Hand Cart
29:46 Town Watch
31:24 Bloodlines
31:15 Husbandry
31:37 Ballistics
31:28 Masonry
31:55 Town Patrol
31:49 Guard Tower
32:05 Fletching
32:55 Scale Barding Armor
33:01 Forging
33:54 Chemistry
34:25 Conscription
34:12 Druzhina
34:17 Detinets
33:41 Elite Boyar
34:45 Chain Barding Armor
35:13 Gold Shaft Mining
35:18 Detinets
36:02 Plate Barding Armor
37:38 Hoardings
39:56 Light Cavalry
41:14 Iron Casting
40:41 Man-at-Arms
41:22 Squires
41:19 Bodkin Arrow
41:33 Siege Engineers
41:39 Druzhina
41:09 Capped Ram
41:34 Hussar
42:34 Long Swordsman
44:53 Two-Handed Swordsman
45:51 Scale Mail Armor
47:00 Blast Furnace
46:21 Padded Archer Armor
48:28 Caravan
49:13 Coinage
50:57 Champion
52:02 Onager
Connection lost

Rejoining the realm…

Still unreachable

The connection could not be restored.

Session expired

The server has moved on; the page needs a fresh start.